 Dungeon Crawl Stone Soup version 0.27-a0-887-gcab673c142 (webtiles) character file.

Game seed: 4646980572818499041

266 timneilson the Shield-Bearer (level 6, -1/38 HPs)
             Began as a Gargoyle Fighter on Apr 4, 2021.
             Slain by a human zombie (3 damage)
             ... in an ossuary.
             The game lasted 00:03:38 (2442 turns).

timneilson the Shield-Bearer (Gargoyle Fighter)     Turns: 2442, Time: 00:03:38

Health: -1/38      AC: 11    Str: 21    XL:     6   Next: 20%
Magic:  6/6        EV:  7    Int:  9    God:
Gold:   110        SH: 10    Dex:  9    Spells: 5/5 levels left

rFire    . . .     SeeInvis .   a - +0 long sword
rCold    . . .     Faith    .   c - +1 kite shield
rNeg     + . .     Spirit   .   b - +0 scale mail
rPois    ∞         Reflect  .   (no helmet)
rElec    +         Harm     .   (no cloak)
rCorr    .         Rampage  .   (no gloves)
Will     .....                  (no boots)
Stlth    ..........             (no amulet)
HPRegen  0.12/turn              (no ring)
MPRegen  0.10/turn              (no ring)

@: hasted, very quick
A: AC +4, negative energy resistance 1, electricity resistance, torment
resistance 1, unbreathing 1, petrification resistance
a: no special abilities


You were in an ossuary.
You visited 1 branch of the dungeon, and saw 5 of its levels.
You also visited: Ossuary.

You collected 110 gold pieces.

Inventory:

Hand Weapons
 a - a +0 long sword (weapon)
 d - a +2 dagger of flaming
Armour
 b - a +0 scale mail (worn)
 c - a +1 kite shield (worn)
Jewellery
 k - a +6 ring of intelligence
Wands
 i - a wand of iceblast (4)
Scrolls
 e - a scroll of enchant armour
 f - a scroll of amnesia
Potions
 h - a potion of haste


   Skills:
 + Level 4.0 Fighting
 * Level 3.2 Long Blades
 * Level 4.7 Armour
 * Level 4.7 Shields
 + Level 1.1 Evocations


You had 5 spell levels left.
You didn't know any spells.
Your spell library contained the following spells:

 Spells                   Type           Power      Damage    Failure   Level
 Animate Skeleton         Necr           0%         N/A       99%         1
 Apportation              Tloc           0%         N/A       99%         1
 Corona                   Hex            0%         N/A       99%         1
 Summon Small Mammal      Summ           0%         N/A       99%         1


Dungeon Overview and Level Annotations

Branches:
Dungeon (5/15)            Ossuary (1/1)
 Temple: D:4-7

Altars:
Cheibriados


Innate Abilities, Weirdness & Mutations

Your stone body is resilient. (AC +4)
You are immune to poison.
You resist negative energy. (rN+)
You are resistant to electric shocks. (rElec)
You are resistant to unholy torment.
You can survive without breathing.
You are immune to petrification.


Message History

You hit the elf zombie.
The elf zombie is almost destroyed.
The elf zombie hits you.
* * * LOW HITPOINT WARNING * * *
You slash the elf zombie!
You destroy the elf zombie!
Your Fighting skill increases to level 4!
Your Evocations skill increases to level 1!
You have reached level 6!
Your experience leads to an increase in your attributes!
Increase (S)trength, (I)ntelligence, or (D)exterity?
You feel stronger.
You feel yourself speed up. You block the human zombie's attack.
You hit the human zombie.
The human zombie is lightly damaged.
The human zombie hits you.
* * * LOW HITPOINT WARNING * * *
You slash the human zombie!
The human zombie is moderately damaged.
The human zombie hits you but does no damage.
You closely miss the human zombie.
The human zombie is moderately damaged.
You barely miss the human zombie.
The human zombie is moderately damaged.
The human zombie completely misses you.
You hit the human zombie but do no damage.
The human zombie is moderately damaged.
The human zombie closely misses you.
You barely miss the human zombie.
The human zombie is moderately damaged.
The human zombie hits you but does no damage.
You slash the human zombie!
The human zombie is moderately damaged.
You block the human zombie's attack.
You hit the human zombie.
The human zombie is heavily damaged.
You hit the human zombie but do no damage.
The human zombie is heavily damaged.
The human zombie hits you.
You die...

### ###.###
##.....##
#.......#
#.......#
#.......#
#.ZZ..#
###Z### #@#
###.###
##.....##
#.......#
##...∩...##
+...∩∩∩...+
##...∩...##
#.......#
##.....##


You could see 3 human zombies.

Vanquished Creatures
  An elf zombie (Ossuary)
  A howler monkey (D:2)
  A jelly (D:4)
  An orc wizard (D:3)
  A hound skeleton (D:2)
  A mummy (Ossuary)
  A howler monkey zombie (D:3)
  2 adders (D:3)
  A worm (D:3)
  A dart slug (D:1)
  4 orcs (D:3)
  4 ball pythons
  5 bats
  2 endoplasms
  A giant cockroach (D:1)
  4 hobgoblins
  3 jackals (D:1)
  2 quokkas (D:1)
  3 frilled lizards (D:1)
  4 kobolds (D:3)
  6 rats
49 creatures vanquished.

Notes
Turn   | Place    | Note
-------+----------+-------------------------------------------
     0 | D:1      | timneilson the Gargoyle Fighter began the quest for the
                  | Orb.
     0 | D:1      | Reached XP level 1. HP: 14/14 MP: 1/1
   143 | D:1      | Reached XP level 2. HP: 17/19 MP: 2/2
   219 | D:1      | Found a faded altar of an unknown god.
   933 | D:1      | Reached XP level 3. HP: 21/23 MP: 3/3
  1085 | D:2      | Reached XP level 4. HP: 20/28 MP: 4/4
  1319 | D:2      | You fall into a shaft and drop 2 floors!
  1526 | D:3      | Reached XP level 5. HP: 31/33 MP: 5/5
  1669 | D:3      | Found a snail-covered altar of Cheibriados.
  2357 | D:3      | You fall into a shaft and drop 2 floors!
  2357 | D:5      | Entered Level 5 of the Dungeon
  2386 | D:5      | Found a sand-covered staircase.
  2394 | Ossuary  | Entered an ossuary
  2433 | Ossuary  | Reached skill level 1 in Evocations
  2433 | Ossuary  | Reached XP level 6. HP: 2/38 MP: 6/6
  2434 | Ossuary  | HP: 1/38 [human zombie (1)]
  2442 | Ossuary  | Slain by a human zombie

Illustrated notes

Levels and vault maps discovered:
D:1:      dpeg_arrival_rooms_a, layout_basic, ebering_ecumenical_altar_box,
          minmay_misc_feat_chi
D:2:      layout_basic, minmay_misc_feat_roman
D:3:      layout_basic, amcnicky_altar_gilded
D:4:      layout_basic, minmay_diced_spiral, uniq_duvessa
D:5:      layout_loops_corners, lightli_ossuary_entry_decrepit_ruins,
          serial_shops, nicolae_shop_waterfront, small_statue_intersection,
          hangedman_decor_growths, kennysheep_generic_room_14, uniq_grinder
Ossuary:  ossuary_minmay_four_chambers

Skill      XL: |  1  2  3  4  5 |
---------------+----------------+-----
Long Blades    | 2 3 |  3.2
Armour         | 4 |  4.7
Shields        | 4 |  4.7
Fighting       | 4 |  4.0
Evocations     | 1 |  1.1

Action                   |  1- 3 |  4- 6 || total
-------------------------+-------+-------++-------
Melee: Long sword        |    83 |   157 ||   240
  Use: Scroll            |     2 |     1 ||     3
       Potion            |       |     4 ||     4
 Stab: Invisible         |       |     1 ||     1
Armor: Scale mail        |    45 |    84 ||   129
Dodge: Dodged            |    28 |    36 ||    64
Block: Kite shield       |    49 |    80 ||   129
       Rpst.: Long sword |    12 |    13 ||    25

Table legend: (Time is in decaauts)
 A = Elapsed time spent in this place.
 B = Non-inter-level travel time spent in this place.
 C = Inter-level travel time spent in this place.
 D = Time resting spent in this place.
 E = Time spent auto-exploring this place.
 F = Levels seen in this place.
 G = Mean time per level.
                   A        B        C        D        E       F      G
               +--------+--------+--------+--------+--------+-----+--------+
         Total |   2534 |   2527 |      7 |    104 |   1860 |   6 |  422.3 |
       Dungeon |   2475 |   2468 |      7 |    104 |   1855 |   5 |  495.0 |
       Ossuary |     59 |     59 |      0 |      0 |      5 |   1 |   59.0 |
               +--------+--------+--------+--------+--------+-----+--------+

Top non-repeatable levels by time:
     D:1: 1102 daAuts
     D:3: 952 daAuts
     D:2: 267 daAuts
     D:4: 116 daAuts
 Ossuary: 59 daAuts
     D:5: 36 daAuts
